 Dungeon Crawl Stone Soup version 0.18-a0-640-g2c992fa (console) character file.

54 bli the Stinger (level 3, 0/37 HPs)
             Began as a Merfolk Venom Mage on Dec 5, 2015.
             Succumbed to an adder's poison
             ... on level 2 of the Dungeon.
             The game lasted 00:06:54 (1708 turns).

bli the Stinger (Merfolk Venom Mage)                Turns: 1708, Time: 00:06:54

Health: 0/37       AC: 21    Str:  9    XL:     3   Next: 91%
Magic:  1/7        EV:  2    Int: 14    God:
Gold:   84         SH:  0    Dex: 14    Spells: 2 memorised, 4 levels left

rFire  . . .     SeeInvis .     a - +0 halberd
rCold  . . .     Clarity  .     (armour currently unavailable)
rNeg   + + +     SustAt   .     (shield currently unavailable)
rPois  +         Gourm    .     (helmet currently unavailable)
rElec  .         Spirit   .     (cloak currently unavailable)
rCorr  .         Dismiss  .     (gloves currently unavailable)
rMut   .         NoTele   +     (boots currently unavailable)
MR     .....                    (no amulet)
Stlth  +++.......               (no ring)
                                (no ring)

@: lethally poisoned (0 -> -4), tree-form, very slightly contaminated, not
resistant to hostile enchantments, fairly stealthy
A: (change form in water), (swift swim)
a: no special abilities


You were on level 2 of the Dungeon.
You were not hungry.
You were a tree.
You visited 1 branch of the dungeon, and saw 2 of its levels.

You collected 84 gold pieces.

Inventory:

Hand Weapons
 a - a +0 halberd (weapon)
Missiles
 d - 55 stones (quivered)
Armour
 m - a +0 robe
 p - a cursed -2 leather armour (melded)
Jewellery
 l - an uncursed ring of positive energy {unknown}
Scrolls
 g - a scroll of random uselessness {unknown}
 h - 2 scrolls of remove curse {unknown}
 n - 2 scrolls of identify {unknown}
Potions
 k - a potion of mutation {unknown}
Books
 b - a Young Poisoner's Handbook

   Spells                             Type                      Level
   a - Sting                          Conjuration/Poison           1
   b - Cure Poison                    Poison                       2
   c - Mephitic Cloud                 Conjuration/Poison/Air       3
   d - Olgreb's Toxic Radiance        Poison                       4
   e - Venom Bolt                     Conjuration/Poison           5
Comestibles
 c - a bread ration
 f - a slice of pizza
 j - a fruit
 o - 4 chunks of flesh


   Skills:
 * Level 0.7 Fighting
 + Level 3.3 Dodging
 + Level 2.1 Stealth
 + Level 0.2 Unarmed Combat
 * Level 2.6 Spellcasting
 + Level 0.5 Conjurations
 + Level 4.8 Poison Magic


You had 4 spell levels left.
You knew the following spells:

 Your Spells              Type           Power        Failure   Level  Hunger
a - Sting                 Conj/Pois      #...         10%         1    #......
C - Cure Poison           Pois           ###.......   4%          2    ###....


Dungeon Overview and Level Annotations

Branches:
Dungeon (2/15)

Altars:


Message History

Okay, then.
Unknown command.
You closely miss the adder.
The adder is moderately wounded.
* * * LOW HITPOINT WARNING * * *
You feel sick. The adder bites you but does no damage.
The adder bites you but does no damage.
You closely miss the adder.
The adder is moderately wounded.
* * * LOW HITPOINT WARNING * * *
You feel sick. The adder bites you but does no damage.
The adder bites you but does no damage.
You closely miss the adder.
The adder is moderately wounded.
* * * LOW HITPOINT WARNING * * *
You feel sick. The adder bites you but does no damage.
The adder bites you but does no damage.
You closely miss the adder.
The adder is moderately wounded.
You die...

#........... #
#.......... #
#.........
#.##....###'####
...+....'....>.####
####....##........#
#....##........#
#.^..##........# #
#....##........#
######...#........#
.'.###...#......♣.#
##...#...####..#S##
.....'...+ ##.#..#
.....#...#...P≈P#.#
######...#PP.P≈P..#
###P≈PPPP≈....
.P≈♣≈≈..##.#
♣≈≈≈PP≈. )# ≈P.P≈##
.# ..... .# ... ..


You could see an adder.

Vanquished Creatures
  A gnoll (D:2)
  An adder (D:2)
  2 ball pythons
  8 bats
  2 hobgoblins
  3 jackals (D:1)
  4 kobolds (D:1)
  A quokka (D:2)
  2 giant cockroaches
  3 giant newts
  A goblin (D:2)
  7 rats
35 creatures vanquished.

Notes
Turn   | Place    | Note
--------------------------------------------------------------
     0 | D:1      | bli the Merfolk Venom Mage began the quest for the Orb.
     0 | D:1      | Reached XP level 1. HP: 13/13 MP: 3/3
   202 | D:1      | Reached XP level 2. HP: 14/19 MP: 0/5
  1275 | D:1      | Learned a level 2 spell: Cure Poison
  1317 | D:2      | Reached XP level 3. HP: 18/25 MP: 1/6
  1707 | D:2      | HP: 1/37 [poisoned by an adder]
  1708 | D:2      | Succumbed to an adder's poison

Vault maps used:
D:1:      saegor_arrival_simple_b
D:2:      kennysheep_crisscross, serial_bayou_lagoon_a, grunt_ministairs_14

Action                   || total
-------------------------++-------
Melee: Unarmed           ||    69
       Halberd           ||    26
 Cast: Sting             ||    71
       Cure Poison       ||     1
  Use: Potion            ||     2
  Eat: Chunk             ||     4
